 Dungeon Crawl Stone Soup version 0.20.0-8-g6b59dc7 (webtiles) character file.

44 Kosschaser the Sneak (level 3, -2/16 HPs)
             Began as a Vine Stalker Enchanter on June 1, 2017.
             Slain by a goblin (5 damage)
             ... led by Robin
             ... on level 2 of the Dungeon.
             The game lasted 00:05:34 (1512 turns).

Kosschaser the Sneak (Vine Stalker Enchanter)       Turns: 1512, Time: 00:05:35

Health: -2/16      AC:  3    Str: 10    XL:     3   Next: 60%
Magic:  0/7        EV: 12    Int: 15    God:
Gold:   44         SH:  0    Dex: 15    Spells: 4/7 levels left

rFire    . . .     SeeInvis +   a - +1 dagger
rCold    . . .     Gourm    .   (no shield)
rNeg     . . .     Faith    .   b - +0 robe
rPois    .         Spirit   +   (no helmet)
rElec    .         Reflect  .   (no cloak)
rCorr    .         Harm     .   g - +0 pair of gloves
MR       .....                  (no boots)
Stlth    +++.......             (no amulet)
Regen    0.1/turn               m - ring of see invisible
MPRegen  0.1/turn               (no ring)

@: very slightly contaminated
A: fangs 2, magic shield, antimagic bite, no potion heal 3, rot immunity
a: no special abilities


You were on level 2 of the Dungeon.
You were not hungry.

You visited 1 branch of the dungeon, and saw 2 of its levels.

You collected 44 gold pieces.

Inventory:

Hand Weapons
 a - a +1 dagger (weapon)
Armour
 b - a +0 robe (worn)
 g - a +0 pair of gloves (worn)
Jewellery
 m - a ring of see invisible (left hand)
Scrolls
 e - 2 scrolls of remove curse {unknown}
 h - a scroll of identify {unknown}
Potions
 i - a potion of flight {unknown}
 k - a potion of haste {unknown}
 n - a potion of curing {unknown}
Books
 c - a book of Maledictions

   Spells                             Type                      Level
   a - Corona                         Hexes                        1
   b - Ensorcelled Hibernation        Hexes/Ice                    2
   c - Confuse                        Hexes                        3
   d - Tukima's Dance                 Hexes                        3
   e - Dazzling Spray                 Conjuration/Hexes            3
Comestibles
 d - a bread ration
 f - a royal jelly
 j - a fruit
 l - a meat ration
 o - 2 chunks of flesh


   Skills:
 + Level 1.0 Short Blades
 + Level 1.7 Dodging
 * Level 4.9 Stealth
 + Level 2.5 Spellcasting
 + Level 3.2 Hexes


You had 4 spell levels left.
You knew the following spells:

 Your Spells              Type           Power        Failure   Level  Hunger
a - Corona                Hex            ##.....      5%          1    #......
b - Ensorcelled Hibernat  Hex/Ice        #.....       16%         2    ###....


Dungeon Overview and Level Annotations

Branches:
Dungeon (2/15)

Altars:
Kikubaaqudgha

Annotations:
D:2 Robin


Innate Abilities, Weirdness & Mutations

You have extremely sharp teeth.
When hurt, damage is shared between your health and your magic reserves.
Your bite disrupts and absorbs the magic of your enemies.
Potions cannot restore your health.
You are immune to rotting.


Message History

Level annotation: Robin The goblin misses you.
Robin misses you. The goblin barely misses you.
There is a stone staircase leading up here.
Casting: Ensorcelled Hibernation
Confirm with . or Enter, or press ? or * to list all spells.
Aiming: Ensorcelled Hibernation
Press: ? - help, Shift-Dir - straight line, f - Robin
Aim: Robin, wielding a whip of electrocution, wearing an animal skin and wearing a helmet (chance to defeat MR: 47%)
You miscast Ensorcelled Hibernation.
You are very lightly contaminated with residual magic.
Strange energies run through your body.
Robin hits you with a whip of electrocution.
You are electrocuted!
Ouch! That really hurt!
* * * LOW HITPOINT WARNING * * *
The goblin barely misses you.
Robin roars a battlecry!
The goblins go into a battle-frenzy!
The hobgoblin barely misses you. The goblin hits you.
You die...

#.#####.#.............##.##.#
#.#####.#.##+#'#+#.#.....##.#
#....##.#.##.#.#...#.######.#
####.##.#.##.#...#........#.#
######.#..#.##.#.#.#.#.###....#
........................>...###
#......#..........##.#.###.##
#.###.##........g..#.#..†..#
..# #..........g@#.#.#...###
#.# ####.#+##..g##.#)#...# ###
#.#.##....#.#....## #
###.#.##.#..#.###.## #
#.....#..#..#.....# .
#.##..#.##..####### .
#.##..#...)...#
.#####...........#.#
.....#####.#####.#.###


You could see Robin, a hobgoblin and a goblin.

Vanquished Creatures
  An ooze (D:1)
  A worm (D:2)
  A dart slug (D:1)
  2 leopard geckos
  2 giant cockroaches (D:1)
  10 goblins
  4 hobgoblins
  3 kobolds
  2 bats (D:1)
  3 frilled lizards
  A rat (D:1)
30 creatures vanquished.

Notes
Turn   | Place    | Note
-------+----------+-------------------------------------------
     0 | D:1      | Kosschaser the Vine Stalker Enchanter began the quest for the Orb.
     0 | D:1      | Reached XP level 1. HP: 9/9 MP: 4/4
   141 | D:1      | Reached skill level 4 in Stealth
   141 | D:1      | Reached XP level 2. HP: 13/13 MP: 6/6
   149 | D:1      | Learned a level 2 spell: Ensorcelled Hibernation
   451 | D:1      | Reached skill level 1 in Short Blades
   704 | D:2      | Reached XP level 3. HP: 16/16 MP: 4/7
   720 | D:2      | Noticed Robin
  1071 | D:2      | Found an ancient bone altar of Kikubaaqudgha.
  1512 | D:2      | Slain by a goblin

Skill      XL: |  1  2 |
---------------+-------+-----
Stealth        | 4 |  4.9
Short Blades   | 1 |  1.0
Dodging        | |  1.7
Spellcasting   | |  2.5
Hexes          | |  3.2

Action                   || total
-------------------------++-------
Melee: Dagger            ||    65
       Bite              ||     6
 Cast: Ensorcelled Hiber ||    27
 Stab: Sleeping          ||    18
  Eat: Chunk             ||     4
Armor: Robe              ||    13
Dodge: Dodged            ||    44
